 Dungeon Sprint DCSS version 0.31-a0-986-g5e6e4ef867 (webtiles) character file.

Game seed: 15132880143878264854

2441 dialectric the Ninja (level 9, -3/45 HPs)
             Began as a Spriggan Brigand on Nov 17, 2023.
             Was a Believer of Dithmenos.
             Slain by a demonic crawler (17 damage)
             ... in the Dungeon (Sprint I: "Red Sonja").
             The game lasted 00:01:41 (271 turns).

dialectric the Ninja (Spriggan Brigand)              Turns: 271, Time: 00:01:41

Health: -3/45      AC:  5    Str:  7    XL:     9   Next: 25%
Magic:  10/10      EV: 21    Int: 12    God:    Dithmenos [**....]
Gold:   405        SH:  0    Dex: 21    Spells: 8/8 levels left

rFire   . . .        n - +3 short sword
rCold   . . .        (no shield)
rNeg    . . .        m - +2 robe {Will+}
rPois   .            (helmet restricted)
rElec   .            c - +0 cloak
rCorr   .            (gloves unavailable)
SInv    +            (boots unavailable)
Will    ++...        (no amulet) Stlth ***+++++++
                     (no ring)
HPRegen 0.27/turn    (no ring)
MPRegen 0.12/turn

%: no teleportation
@: wreathed by umbra, very quick
A: very small, no large weapons, unfitting armour, see invisible, speed 3
a: Renounce Religion, Shadow Step


You were in the Dungeon.
You worshipped Dithmenos.
Dithmenos was pleased with you.
You visited 1 branch You collected 405 gold pieces.

Inventory:

Hand Weapons
 a - a +2 dagger
 n - a +3 short sword (weapon)
Missiles
 d - 8 poisoned darts
 e - a curare-tipped dart (quivered)
Armour
 b - a +0 robe
 c - a +0 cloak (worn)
 m - a +2 robe of willpower (worn)
Wands
 l - a wand of mindburst (13)
Scrolls
 k - a scroll of blinking
Potions
 f - a potion of curing
 g - a potion of heal wounds
 h - a potion of haste
 i - 2 potions of magic
 j - a potion of berserk rage


   Skills:
 - Level 4.1 Fighting
 + Level 8.5 Short Blades
 - Level 2.5 Throwing
 + Level 6.1 Dodging
 O Level 27 Stealth
 + Level 3.4 Evocations


You had 8 spell levels left.
You didn't know any spells.
Your spell library was empty.

Dungeon Overview and Level Annotations

Branches:
Dungeon (1/1)

Altars:
Cheibriados
Dithmenos
Elyvilon
Fedhas
Gozag
Hepliaklqana
Kikubaaqudgha
Makhleb
Nemelex Xobeh
Okawaru
Qazlal
Ru
Sif Muna
Trog
Uskayaw
Vehumet
Wu Jian
Xom
Yredelemnul
Zin
The Shining One
Jiyva
Lugonu

Shops:
D [


Innate Abilities, Weirdness & Mutations

You are very small and have problems with some larger weapons.
You are too small for most types of armour.
You have supernaturally acute eyesight. (SInv)
You cover ground extremely quickly. (Speed+++)


Message History

e - a curare-tipped dart
Things that are here:
a +0 dagger; a +0 robe
There is an open door here.
There is an open door here.
You open the door. 4 demonic crawlers come into view.
There is an open door here.
The helpless demonic crawler fails to defend itself.
You spit the demonic crawler like a pig!!!!!
You kill the demonic crawler!
Dithmenos accepts your kill.
You can now step into the shadows of nearby creatures.
Your Short Blades skill increases to level 7!
Your Stealth skill gained 2 levels and is now at level 26!
Your Evocations skill increases to level 1!
Unknown command.
The helpless demonic crawler fails to defend itself.
You stick the demonic crawler like a pincushion!!!!
You kill the demonic crawler!
Dithmenos accepts your kill. The demonic crawler hits you!
The demonic crawler barely misses you. The demonic crawler closely misses you.
Your Short Blades skill increases to level 8!
Your Dodging skill gained 2 levels and is now at level 6!
You have mastered Stealth!
Your Evocations skill gained 2 levels and is now at level 3!
You have reached level 9!
Your experience leads to an increase in your attributes!
Increase (S)trength, (I)ntelligence, or (D)exterity?
You feel agile. x2
Unknown command.
The demonic crawler attacks as it pursues you!
The demonic crawler closely misses you.
The demonic crawler completely misses you.
The demonic crawler hits you!
The demonic crawler attacks as it pursues you!
The demonic crawler misses you. The demonic crawler hits you.
The demonic crawler hits you!
You die...

###################
..#.)'..#__#..'...#
.)'..#..'..'..#.@s##+#
#'#####'#__####)..'†.#
..#...#)#### #####.s+
###..##.# +##
__##'#_.+ ...'..._#
__##_.#'# __###+#)#
### ###


You could see 2 demonic crawlers.

Vanquished Creatures
  2 demonic crawlers (D)
  2 kobold demonologists (D)
  A glass eye (D)
  A slime creature (D)
  Sigmund (D)
  A yak (D)
  An ogre (D)
  A jelly (D)
  Ijyb (D)
11 creatures vanquished.

Notes
Turn   | Place    | Note
-------+----------+-------------------------------------------
     0 | D        | dialectric the Spriggan Brigand began the quest for the
                  | Orb.
     0 | D        | Reached XP level 1. HP: 10/10 MP: 2/2
     2 | D        | Noticed Ijyb
     4 | D        | Killed Ijyb
     5 | D        | Reached skill level 9 in Stealth
     5 | D        | Reached XP level 2. HP: 15/15 MP: 3/3
     9 | D        | Noticed an ogre
    11 | D        | Killed an ogre
    12 | D        | Reached skill level 13 in Stealth
    12 | D        | Reached XP level 3. HP: 19/19 MP: 4/4
    12 | D        | Reached XP level 4. HP: 23/23 MP: 5/5
    23 | D        | Noticed Sigmund
    25 | D        | Killed Sigmund
    26 | D        | Reached skill level 17 in Stealth
    26 | D        | Reached XP level 5. HP: 28/28 MP: 6/6
    26 | D        | Reached XP level 6. HP: 32/32 MP: 7/7
    51 | D        | Found a shimmering blue altar of Sif Muna.
    52 | D        | Found an ornate altar of the Wu Jian Council.
    53 | D        | Found a radiant altar of Vehumet.
   199 | D        | Found Wawniozo's Antique Armour Emporium.
   199 | D        | Found an ancient bone altar of Kikubaaqudgha.
   199 | D        | Found a hazy altar of Hepliaklqana.
   199 | D        | Found a hide-covered altar of Uskayaw.
   199 | D        | Found a basalt altar of Yredelemnul.
   199 | D        | Found an opulent altar of Gozag.
   199 | D        | Found a snail-covered altar of Cheibriados.
   199 | D        | Found a sacrificial altar of Ru.
   199 | D        | Found a shadowy altar of Dithmenos.
   199 | D        | Noticed a yak
   200 | D        | Found a stormy altar of Qazlal.
   200 | D        | Found a blossoming altar of Fedhas.
   200 | D        | Found a bloodstained altar of Trog.
   200 | D        | Found an iron altar of Okawaru.
   200 | D        | Found a glowing golden altar of the Shining One.
   200 | D        | Found a glowing silver altar of Zin.
   200 | D        | Found a white marble altar of Elyvilon.
   201 | D        | Killed a yak
   202 | D        | Reached skill level 5 in Short Blades
   202 | D        | Reached skill level 19 in Stealth
   202 | D        | Found a sparkling altar of Nemelex Xobeh.
   208 | D        | Became a worshipper of Dithmenos the Shadowed
   223 | D        | Found a burning altar of Makhleb.
   223 | D        | Found a shimmering altar of Xom.
   223 | D        | Noticed a slime creature
   224 | D        | Found a viscous altar of Jiyva.
   224 | D        | Found a corrupted altar of Lugonu.
   226 | D        | Killed a slime creature
   227 | D        | Reached skill level 20 in Stealth
   227 | D        | Reached XP level 7. HP: 37/37 MP: 8/8
   239 | D        | Noticed a kobold demonologist
   240 | D        | Noticed a glass eye
   240 | D        | Noticed a kobold demonologist
   242 | D        | Killed a glass eye
   243 | D        | Reached skill level 22 in Stealth
   243 | D        | Killed a kobold demonologist
   243 | D        | Reached * piety under Dithmenos
   244 | D        | Reached skill level 23 in Stealth
   244 | D        | Reached XP level 8. HP: 42/42 MP: 9/9
   256 | D        | Killed a kobold demonologist
   257 | D        | Reached skill level 24 in Stealth
   266 | D        | Noticed a demonic crawler
   266 | D        | Noticed a demonic crawler
   266 | D        | Noticed a demonic crawler
   266 | D        | Noticed a demonic crawler
   268 | D        | Killed a demonic crawler
   268 | D        | Reached ** piety under Dithmenos
   269 | D        | Reached skill level 26 in Stealth
   269 | D        | Reached skill level 1 in Evocations
   269 | D        | Killed a demonic crawler
   270 | D        | Reached skill level 27 in Stealth
   270 | D        | Reached XP level 9. HP: 32/45 MP: 10/10
   271 | D        | Slain by a demonic crawler

Illustrated notes

Levels and vault maps discovered:
D:        dungeon_sprint_1 [red_sonja_temple_1, red_sonja_temple_small_1]

Skill      XL: |  1  2  3  4  5  6  7  8 |
---------------+-------------------------+-----
Fighting       | 2 3 4 |  4.1
Stealth        | 9 13 17 20 23 27 | 27.0
Short Blades   | 3 4 5 6 8 |  8.5
Dodging        | 2 3 4 6 |  6.1
Evocations     | 3 |  3.4
Throwing       | |  2.5

Action                     |  1- 3 |  4- 6 |  7- 9 || total
---------------------------+-------+-------+-------++-------
  Melee: Dagger            |     2 |     4 |       ||     6
         Short sword       |       |     2 |     4 ||     6
  Throw: Dart              |       |     8 |     5 ||    13
  Evoke: Wand              |       |       |     3 ||     3
   Stab: Sleeping          |     2 |     3 |     4 ||     9
 Armour: Robe              |       |     2 |     6 ||     8
  Dodge: Dodged            |       |     2 |     8 ||    10

Table legend: (Time is in decaauts)
 A = Elapsed time spent in this place.
 B = Non-inter-level travel time spent in this place.
 C = Inter-level travel time spent in this place.
 D = Time resting spent in this place.
 E = Time spent auto-exploring this place.
 F = Levels seen in this place.
 G = Mean time per level.
                   A        B        C        D        E       F      G
               +--------+--------+--------+--------+--------+-----+--------+
         Total |    211 |    211 |      0 |      0 |     68 |   1 |  211.0 |
       Dungeon |    211 |    211 |      0 |      0 |     68 |   1 |  211.0 |
               +--------+--------+--------+--------+--------+-----+--------+

Top non-repeatable levels by time:
       D: 211 daAuts
